Map: [ESL] Altitude

Players

MaxPax

  • Race: Protoss Protoss
  • Spawn Location: 7:00

Serral - Winner!

  • Race: Zerg Zerg
  • Spawn Location: 1:00

Event: ESL SC2 Masters 2023 Summer (Regionals)

VOD

Have the link to the VOD?

Description

Time

  • Played on: May 21, 2023, 3:11 p.m.
  • Length: 13:24

All games in this series

Show
View Real Time Build Order
Export as new Build Order

MaxPax Protoss 

Build Orders: 1 Gate Expand, Oracle Opening 

Get SALT Encoding   

  12  0:00  Probe  
  13  0:12  Probe  
  14  0:19  Pylon  
  14  0:24  Probe  
  15  0:37  Probe (Chrono Boost)  
  15  0:40  Gateway  
  16  0:46  Probe (Chrono Boost)  
  17  0:50  Assimilator  
  17  0:53  Probe  
  18  1:05  Probe  
  19  1:17  Probe  
  20  1:28  Nexus  
  20  1:39  Cybernetics Core  
  20  1:41  Probe  
  21  1:47  Assimilator  
  21  1:53  Probe  
  22  1:56  Pylon  
  22  2:05  Probe (Chrono Boost)  
  23  2:15  Adept  
  25  2:17  Probe (Chrono Boost), Warp Gate  
  26  2:26  Probe (Chrono Boost)  
  27  2:33  Probe (Chrono Boost), Stargate  
  28  2:40  Probe (Chrono Boost)  
  30  2:46  Stalker  
  30  2:49  Probe (Chrono Boost)  
  30  2:50  Probe (Chrono Boost)  
  33  2:55  Probe (Chrono Boost)  
  33  2:56  Probe  
  35  3:02  Gateway  
  35  3:07  Probe  
  35  3:08  Probe  
  37  3:14  Oracle (Chrono Boost)  
  37  3:19  Probe  
  41  3:20  Probe  
  41  3:24  Adept  
  44  3:31  Probe, Pylon  
  44  3:32  Probe  
  46  3:47  Oracle (Chrono Boost)  
  46  3:49  Probe x2  
  46  3:53  Pylon  
  51  3:57  Nexus  
  51  4:03  Probe, Twilight Council  
  51  4:04  Probe  
  53  4:15  Probe  
  53  4:17  Probe  
  55  4:19  Gateway  
  55  4:21  Gateway  
  55  4:22  Adept  
  57  4:27  Probe, Adept  
  57  4:31  Probe  
  61  4:34  Resonating Glaives (Chrono Boost)  
  61  4:37  Assimilator  
  61  4:38  Assimilator  
  61  4:39  Probe  
  62  5:07  Pylon, Forge  
  62  5:08  Probe (Chrono Boost)  
  62  5:09  Adept x2  
  62  5:11  Probe (Chrono Boost)  
  68  5:14  Adept  
  68  5:19  Adept  
  68  5:20  Probe x2 (Chrono Boost)  
  75  5:25  Probe (Chrono Boost)  
  75  5:26  Probe (Chrono Boost)  
  75  5:28  Probe (Chrono Boost)  
  77  5:31  Stalker  
  77  5:32  Probe  
  77  5:33  Protoss Ground Weapons Level 1 (Chrono Boost)  
  77  5:35  Probe, Adept x2  
  85  5:44  Pylon  
  85  5:52  Pylon  
  85  5:55  Blink (Chrono Boost), Forge  
  85  6:00  Pylon  
  85  6:02  Probe x3  
  88  6:14  Probe x3  
  88  6:16  Stalker x4  
  91  6:20  Protoss Ground Armor Level 1 (Chrono Boost)  
  89  6:26  Probe x2  
  89  6:27  Probe  
  88  6:34  Gateway  
  88  6:37  Gateway  
  88  6:38  Pylon  
  89  6:40  Pylon  
  89  6:42  Nexus  
  89  6:44  Stalker x3  
  94  6:49  Probe x2  
  94  6:53  Stalker  
  98  7:01  Probe  
  99  7:05  Probe  
  98  7:08  Probe  
  98  7:09  Stalker x3  
  98  7:10  Photon Cannon  
  98  7:12  Shield Battery  
  98  7:15  Robotics Facility  
  105  7:17  Photon Cannon  
  105  7:18  Probe  
  105  7:22  Pylon, Protoss Ground Weapons Level 2  
  104  7:24  Probe  
  104  7:25  Adept  
  106  7:30  Assimilator  
  106  7:32  Probe  
  106  7:36  Stalker  
  106  7:37  Stalker x3  
  112  7:40  Adept  
  112  7:43  Probe  
  117  7:45  Charge (Chrono Boost), Shield Battery  
  117  7:47  Pylon  
  117  7:51  Probe  
  118  7:57  Probe  
  119  7:59  Stalker  
  119  8:00  Pylon  
  119  8:06  Warp Prism (Chrono Boost), Stalker x4  
  129  8:17  Probe x2  
  129  8:19  Protoss Ground Armor Level 2  
  131  8:21  Robotics Bay  
  129  8:28  Adept x2  
  129  8:31  Gateway  
  129  8:32  Stalker x4  
  137  8:43  Probe  
  137  8:45  Probe x2  
  140  8:51  Stalker x2  
  140  8:53  Observer (Chrono Boost)  
  140  8:54  Probe, Pylon  
  146  8:55  Assimilator  
  146  8:56  Assimilator  
  146  9:00  Nexus  
  146  9:05  Probe  
  147  9:13  Stalker x3  
  147  9:14  Disruptor (Chrono Boost), Stalker  
  147  9:15  Probe  
  158  9:20  Robotics Facility  
  158  9:21  Probe  
  158  9:22  Photon Cannon  
  156  9:24  Assimilator  
  156  9:26  Adept x2  
  156  9:29  Adept  
  162  9:31  Probe  
  162  9:37  Pylon  
  161  9:42  Stalker x4  
  161  9:43  Photon Cannon  
  169  9:46  Disruptor (Chrono Boost)  
  169  9:48  Probe  
  169  9:52  Probe  
  170  9:55  Adept x2, Photon Cannon  
  170  9:56  Shield Battery  
  174  10:01  Stalker  
  172  10:07  Stalker x3  
  178  10:15  Disruptor  
  177  10:22  Probe x4  
  177  10:26  Templar Archives  
  177  10:27  Disruptor  
  184  10:33  Zealot x5  
  194  10:36  Pylon  
  194  10:49  Probe  
  177  10:55  Zealot x5  
  152  11:12  Disruptor (Chrono Boost)  
  152  11:17  Disruptor (Chrono Boost)  
  144  11:18  Gateway  
  144  11:20  Gateway  
  144  11:22  Probe x2  
  144  11:23  Probe  
  143  11:25  High Templar x2  
  143  11:26  High Templar x4  
  143  11:30  Photon Cannon  
  143  11:31  Archon x2  
  143  11:32  Archon, Shield Battery  
  155  11:33  Pylon  
  155  11:43  Probe  
  155  11:44  Probe  
  157  11:55  Observer  
  157  11:57  High Templar  
  157  11:58  High Templar  
  157  12:00  Stalker x5  
  172  12:01  Probe  
  172  12:02  Probe, Pylon  
  172  12:03  Archon  
  111  12:30  Stalker x9  
  122  12:37  Probe x2  
  122  12:53  Zealot x4  
  122  12:58  Zealot  
  129  13:01  Zealot  
  129  13:04  Zealot  
  116  13:18  Zealot x4  
Show
View Real Time Build Order
Export as new Build Order

Serral Zerg - Winner!

Build Orders: Hatch First 

Get SALT Encoding   

  12  0:00  Drone  
  13  0:08  Drone  
  14  0:15  Extractor  
  14  0:16  Drone  
  15  0:37  Hatchery  
  15  0:42  Extractor  
  13  0:43  Drone  
  13  0:49  Overlord  
  15  1:04  Spawning Pool  
  14  1:08  Drone  
  15  1:12  Drone  
  15  1:16  Drone  
  17  1:20  Drone  
  17  1:23  Extractor  
  17  1:30  Drone  
  18  1:40  Drone  
  19  1:50  Queen x2  
  23  1:55  Drone  
  23  1:59  Drone  
  25  2:03  Drone  
  26  2:09  Overlord  
  26  2:14  Drone  
  27  2:17  Drone  
  28  2:27  Metabolic Boost  
  28  2:29  Drone  
  29  2:30  Drone  
  30  2:44  Hatchery  
  30  2:46  Drone  
  30  2:49  Drone  
  31  2:53  Overlord  
  31  2:58  Queen  
  31  3:00  Drone  
  31  3:03  Drone  
  31  3:05  Drone  
  36  3:11  Overlord  
  36  3:12  Zergling x2  
  37  3:20  Queen  
  37  3:23  Drone x3  
  37  3:26  Drone  
  42  3:28  Drone  
  42  3:33  Drone  
  42  3:34  Queen  
  44  3:39  Drone  
  44  3:40  Drone x2  
  49  3:42  Overlord  
  49  3:54  Drone  
  50  3:55  Overlord  
  50  3:56  Queen, Evolution Chamber  
  50  4:02  Zergling x6  
  54  4:05  Spore Crawler  
  54  4:07  Drone, Spore Crawler  
  54  4:09  Drone  
  53  4:15  Drone x4  
  57  4:19  Overlord  
  57  4:20  Zergling x2  
  58  4:26  Zerg Melee Weapons Level 1  
  58  4:27  Drone x2  
  60  4:31  Zergling x2  
  60  4:34  Drone x3  
  64  4:39  Zergling x2  
  64  4:40  Drone  
  64  4:41  Drone  
  64  4:43  Drone  
  64  4:44  Drone x2  
  70  4:48  Drone  
  70  4:50  Drone  
  70  4:51  Drone  
  71  4:59  Drone  
  71  5:03  Zergling x4  
  71  5:05  Overlord  
  73  5:11  Lair  
  73  5:12  Hatchery  
  73  5:13  Drone x3  
  75  5:18  Drone  
  75  5:20  Roach Warren  
  76  5:21  Drone x3  
  76  5:24  Spore Crawler  
  76  5:26  Zergling x6  
  79  5:29  Zergling x2  
  79  5:30  Overlord  
  79  5:32  Extractor, Drone  
  79  5:34  Extractor  
  79  5:35  Drone x3  
  82  5:37  Drone x2  
  82  5:39  Drone  
  85  5:44  Drone x2  
  85  5:45  Drone  
  85  5:46  Overlord  
  85  5:47  Overlord  
  85  5:48  Overlord  
  88  5:57  Evolution Chamber  
  88  5:58  Extractor  
  88  5:59  Roach x2  
  90  6:06  Roach x4  
  97  6:12  Zergling x10  
  97  6:18  Drone x6  
  104  6:20  Glial Reconstitution  
  102  6:27  Drone x2  
  102  6:30  Zergling x6  
  104  6:36  Overlord  
  104  6:38  Zerg Melee Weapons Level 2  
  104  6:39  Zerg Missile Weapons Level 1  
  104  6:43  Queen  
  104  6:45  Drone  
  104  6:46  Drone  
  108  6:47  Drone x6, Baneling Nest  
  108  6:50  Drone  
  114  6:57  Drone x2  
  114  6:59  Overlord x4  
  116  7:08  Zergling x8  
  116  7:13  Infestation Pit  
  116  7:15  Drone  
  119  7:16  Zergling x2  
  119  7:17  Zergling x4  
  119  7:19  Hatchery  
  120  7:22  Overlord  
  120  7:25  Zergling x12  
  120  7:29  Zergling x2  
  126  7:35  Centrifugal Hooks  
  126  7:36  Pneumatized Carapace  
  126  7:37  Zergling x12  
  128  7:38  Overlord  
  132  7:49  Roach x3, Zergling x4  
  132  7:50  Hive  
  138  7:55  Extractor, Baneling x5  
  138  7:56  Drone x3  
  138  7:57  Overlord  
  138  7:58  Roach x3, Zergling x4  
  148  8:05  Drone  
  148  8:10  Zergling x12  
  153  8:14  Zergling x2  
  154  8:21  Drone  
  154  8:23  Drone x5  
  154  8:26  Drone x4  
  159  8:28  Drone  
  159  8:30  Drone x3  
  162  8:34  Zerg Missile Weapons Level 2  
  162  8:39  Zergling x12  
  163  8:41  Overlord  
  163  8:42  Zergling x2  
  163  8:43  Zergling x2  
  163  8:47  Drone x2  
  163  8:48  Spine Crawler x2  
  163  8:53  Zergling x12, Spore Crawler  
  163  8:54  Hatchery  
  167  8:57  Baneling x4  
  167  8:59  Baneling x8  
  167  9:00  Zergling x22  
  167  9:02  Adrenal Glands  
  177  9:04  Drone x3  
  179  9:12  Drone x2  
  179  9:13  Drone x3  
  180  9:19  Zergling x8  
  183  9:26  Zergling x10  
  183  9:30  Zerg Melee Weapons Level 3  
  183  9:31  Overlord x2  
  187  9:33  Baneling x3  
  187  9:34  Baneling x7  
  187  9:35  Zergling x18  
  186  9:39  Zergling x8  
  187  9:48  Zergling x6  
  187  9:49  Drone  
  187  9:50  Drone  
  190  10:00  Zergling x20  
  190  10:12  Baneling x10  
  190  10:13  Baneling x6  
  189  10:17  Zergling x20  
  197  10:27  Extractor  
  196  10:31  Drone x3, Hatchery  
  196  10:33  Zergling x2  
  192  10:53  Zergling x26  
  192  10:55  Hatchery  
  196  10:57  Zergling x6  
  196  11:02  Zergling x8  
  195  11:07  Drone x5  
  195  11:08  Drone  
  195  11:09  Zergling x26  
  192  11:15  Zergling x6  
  192  11:20  Zergling x6  
  192  11:23  Zerg Ground Armor Level 1  
  193  11:25  Baneling x8  
  193  11:26  Baneling x2  
  193  11:30  Drone  
  193  11:31  Zergling x10  
  199  11:35  Baneling x28  
  199  11:36  Baneling x9  
  198  11:41  Extractor  
  198  11:44  Spine Crawler x2  
  196  11:47  Drone x3  
  196  11:49  Extractor, Drone  
  196  11:50  Spire, Drone x2  
  199  11:55  Zergling x2  
  199  12:08  Drone  
  199  12:10  Hatchery  
  199  12:13  Spore Crawler  
  190  12:21  Zergling x60  
  190  12:22  Zergling x6  
  194  12:25  Zergling x8  
  180  12:32  Roach x2, Zergling x2  
  180  12:34  Zergling x6  
  179  12:39  Zergling x10  
  179  12:41  Baneling x16, Ravager  
  179  12:42  Zergling x2  
  179  12:43  Zergling x2  
  187  12:49  Zergling x4  
  187  12:50  Zergling x20  
  197  12:54  Zergling x8  
  194  13:03  Zergling x14  
Tags
 
Add a new tag
Caveats
  • Supply blocks, unpowered buildings, or Contaminate may cause inaccurate times.
  • Supply counts are checked every 10 seconds.